 Dungeon Crawl Stone Soup version 0.29-a0-323-g050149af67 (webtiles) character file.

Game seed: 10694613091827202608

58 MarkedLamb the Chopper (level 3, -6/34 HPs)
             Began as a Minotaur Berserker on Apr 11, 2022.
             Was a Follower of Trog.
             Killed from afar by Sigmund (8 damage)
             ... with a puff of flame
             ... on level 2 of the Dungeon.
             The game lasted 00:07:46 (897 turns).

MarkedLamb the Chopper (Minotaur Berserker)          Turns: 897, Time: 00:07:46

Health: -6/34      AC:  0    Str: 23    XL:     3   Next: 76%
Magic:  2/2        EV: 12    Int:  4    God:    Trog [*.....]
Gold:   35         SH:  0    Dex:  9    Spells: 2/2 levels left

rFire   . . .      SeeInvis .   a - +0 hand axe
rCold   . . .      Faith    .   (no shield)
rNeg    + . .      Spirit   .   (no body armour)
rPois   .          Reflect  .   (helmet restricted)
rElec   .          Harm     .   (no cloak)
rCorr   .          Rampage  .   (no gloves)
Will    .....                   (no boots)
Stlth   +.........              (no amulet)
HPRegen 0.11/turn               i - ring of positive energy
MPRegen 0.08/turn               (no ring)

@: confused
A: horns 2, retaliatory headbutt
a: Renounce Religion, Berserk


You were on level 2 of the Dungeon.
You worshipped Trog.
Trog was aware of your devotion.
You visited 1 branch of the dungeon, and saw 3 of its levels.

You collected 35 gold pieces.

Inventory:

Hand Weapons
 a - a +0 hand axe (weapon)
Jewellery
 i - a ring of positive energy (left hand)
Scrolls
 d - a scroll of vulnerability {unknown}
 g - a scroll of identify {unknown}
Potions
 b - a potion of flight {unknown}
 c - 3 potions of brilliance (quivered) {unknown}
 e - 2 potions of cancellation {unknown}
 f - a potion of berserk rage {unknown}
 h - 2 potions of degeneration {unknown}
 j - a potion of heal wounds {unknown}
 k - a potion of curing {unknown}


   Skills:
 + Level 4.5 Fighting
 + Level 4.6 Axes
 + Level 2.7 Armour
 + Level 2.6 Dodging


You had 2 spell levels left.
You didn't know any spells.
Your spell library was empty.

Dungeon Overview and Level Annotations

Branches:
Dungeon (3/15)

Altars:

Annotations:
D:2 Sigmund


Innate Abilities, Weirdness & Mutations

You have a pair of horns on your head.
You reflexively headbutt those who attack you in melee.


Message History

There is a stone staircase leading up here.
The helpless endoplasm fails to defend itself.
You hit the endoplasm. You headbutt the endoplasm.
You kill the endoplasm!
Trog accepts your kill.
Found a short sword.
Found an escape hatch in the ceiling.
Found 4 gold pieces.
You now have 35 gold pieces (gained 4).
Found 11 gold pieces.
There is an escape hatch in the ceiling here.
A mysterious force pulls you upwards. The hatch slams shut behind you.
Level annotation: Sigmund Sigmund is nearby!
Sigmund barely misses you. Sigmund gestures at you while chanting.
You are confused.
Sigmund zaps a wand.
The puff of flame misses you. Sigmund misses you.
Sigmund's eyes start glowing with a red light.
Sigmund zaps a wand.
The puff of flame hits you!
You bump into the rock wall.
Sigmund barely misses you.
You barely miss Sigmund.
You feel less confused. Sigmund closely misses you.
Sigmund says, "Don't worry, I'll kill you fast."
Sigmund hits you with a +1 scythe of protection!
* * * LOW HITPOINT WARNING * * *
You hit Sigmund.
Sigmund is lightly wounded.
You hit Sigmund but do no damage.
Sigmund is lightly wounded.
Sigmund zaps a wand.
The puff of flame hits you!
* * * LOW HITPOINT WARNING * * *
Sigmund misses you.
Sigmund points at you and mumbles some strange words.
You are confused.
Sigmund casts a spell at you.
You are more confused.
Sigmund zaps a wand.
The puff of flame hits you!
You die...

#.#.# ########.#..# #.# ######..
#...###......#.##.# #.# ##...##..
###..........#.##.###.###........
#..........#.#....#.##.........
###..........#.#......##.........
............:#.#......##.........
.##..........#.#....@...#........
.###.........#.......###.........
.# #.........#..@....# #....##...
.###.........#.......# #....#####
.#.......<.........#.# #.##..
.#.#.###...........#.# #. ##.
.....# #......#....#.###. ..
.....###.######.####.....#.#
>.....##...........#######..
......##..#.#.............##
......###...........#.......


You could see Sigmund.

Vanquished Creatures
  Terence (D:2)
  2 adders (D:2)
  3 endoplasms
  A giant cockroach (D:1)
  A goblin (D:2)
  A hobgoblin (D:1)
  A kobold (D:1)
  2 ball pythons
  2 bats (D:2)
  3 rats (D:1)
17 creatures vanquished.

Notes
Turn   | Place    | Note
-------+----------+-------------------------------------------
     0 | D:1      | MarkedLamb the Minotaur Berserker began the quest for the
                  | Orb.
     0 | D:1      | Reached XP level 1. HP: 19/19 MP: 0/0
   207 | D:2      | Reached XP level 2. HP: 27/27 MP: 1/1
   298 | D:2      | Found a faded altar of an unknown god.
   323 | D:2      | Noticed Terence
   332 | D:2      | Killed Terence
   333 | D:2      | Reached XP level 3. HP: 12/34 MP: 2/2
   772 | D:2      | Noticed Sigmund
   897 | D:2      | Killed from afar by Sigmund

Illustrated notes

Levels and vault maps discovered:
D:1:      scummos_arrival_checkerplants, layout_basic, minmay_door_square
D:2:      layout_rooms, shapermc_ecumenical_altar_pompeii,
          serial_co_window_serial, co_window_corner_a, co_window_corner_a,
          co_window_paths_b, co_window_corner_a, co_window_corner_a,
          co_window_paths_c, co_window_unsneaky_path_d, co_window_paths_c,
          co_window_of_opportunity_b, co_window_corner_ca,
          co_window_of_opportunity_c, glass_columns_a, glass_columns_b,
          glass_columns_a, glass_columns_a, glass_columns_b,
          minmay_misc_feat_iff, uniq_sigmund, uniq_jessica, uniq_terence
D:3:      layout_loops_cross, mainiacjoe_overflow_alcove_1,
          nicolae_overflow_crystal_walls, fedhas_ov_isle_minmay

Skill      XL: |  1  2 |
---------------+-------+-----
Fighting       | 4 |  4.5
Axes           | 4 |  4.6
Armour         | |  2.7
Dodging        | |  2.6

Action                   || total
-------------------------++-------
Melee: Hand axe          ||    30
       Headbutt          ||     5
 Stab: Sleeping          ||     1
Armor: Animal skin       ||     1
Dodge: Dodged            ||    26

Table legend: (Time is in decaauts)
 A = Elapsed time spent in this place.
 B = Non-inter-level travel time spent in this place.
 C = Inter-level travel time spent in this place.
 D = Time resting spent in this place.
 E = Time spent auto-exploring this place.
 F = Levels seen in this place.
 G = Mean time per level.
                   A        B        C        D        E       F      G
               +--------+--------+--------+--------+--------+-----+--------+
         Total |    899 |    899 |      0 |      0 |    382 |   3 |  299.7 |
       Dungeon |    899 |    899 |      0 |      0 |    382 |   3 |  299.7 |
               +--------+--------+--------+--------+--------+-----+--------+

Top non-repeatable levels by time:
     D:2: 699 daAuts
     D:1: 163 daAuts
     D:3: 36 daAuts
